 Dungeon Crawl Stone Soup version 0.30-a0-652-gcc886f7154 (webtiles) character file.

Game seed: 8060172357719455254

342 Newt the Skirmisher (level 6, -2/57 HPs)
             Began as a Kobold Hunter on Jan 17, 2023.
             Succumbed to a scorpion's poison
             ... on level 4 of the Dungeon.
             The game lasted 00:02:19 (2562 turns).

Newt the Skirmisher (Kobold Hunter)                 Turns: 2562, Time: 00:02:19

Health: -2/57      AC:  3    Str:  8    XL:     6   Next: 88%
Magic:  6/6        EV: 14    Int: 10    God:
Gold:   236        SH:  0    Dex: 21    Spells: 5/5 levels left

rFire   + . .      SeeInvis .    a - +1 shortbow
rCold   . . .      Faith    .    (shield currently unavailable)
rNeg    . . .      Spirit   .    c - +0 leather armour
rPois   .          Reflect  .    (no helmet)
rElec   .          Harm     .    (no cloak)
rCorr   .          Rampage  .    (no gloves)
Will    .....                    (no boots) Stlth
                                 (no amulet)
HPRegen 0.29/turn                g - ring of protection from fire
MPRegen 0.10/turn                (no ring)

@: berserking, lethally poisoned (-2 -> -14), very quick
A: small, no large weapons, nightstalker 3
a: no special abilities


You were on level 4 of the Dungeon.
You visited 1 branch of the dungeon, and saw 4 of its levels.

You collected 236 gold pieces.

Inventory:

Hand Weapons
 a - a +1 shortbow (weapon)
Armour
 c - a +0 leather armour (worn)
Jewellery
 g - a ring of protection from fire (left hand)
Scrolls
 b - a scroll of immolation
 h - a scroll of amnesia
 i - a scroll of fear
 j - a scroll of vulnerability
 k - a scroll of fog
Potions
 d - a potion of brilliance {unknown}
 e - a potion of mutation {unknown}
 f - a potion of berserk rage
 l - a potion of curing


   Skills:
 - Level 4.0 Fighting
 + Level 8.8 Ranged Weapons
 - Level 2.4 Dodging
 - Level 3.0 Stealth


You had 5 spell levels left.
You didn't know any spells.
Your spell library contained the following spells:

 Spells                   Type           Power      Damage    Failure   Level
 Cigotuvi's Dreadful Rot  Necr/Pois/Air  0%         N/A       63%         2
 Inner Flame              Hex/Fire       0%         N/A       86%         3
 Airstrike                Air            0%         2d(0-16)  99%         4
 Cause Fear               Hex            0%         N/A       99%         4
 Dispel Undead            Necr           0%         3d6       99%         4
 Summon Lightning Spire   Summ/Air       0%         N/A       99%         4
 Lightning Bolt           Conj/Air       0%         1d11      100%        5
 Death Channel            Necr           0%         N/A       100%        6
 Discord                  Hex            0%         N/A       100%        8


Dungeon Overview and Level Annotations

Branches:
Dungeon (4/15)
 Temple: D:4-7

Altars:
Wu Jian

Shops:
D:1 [


Innate Abilities, Weirdness & Mutations

You are small and have problems with some larger weapons.
You are completely attuned to the shadows.


Message History

The arrow hits the scorpion but does no damage.
The hound closely misses you. The hound bites you.
* * * LOW HITPOINT WARNING * * *
It was a potion of berserk rage.
A red film seems to cover your vision as you go berserk!
You feel yourself moving faster!
You feel mighty! The hound misses you.
The iguana hisses menacingly.
You are too berserk!
Really attack while wielding your +1 shortbow? [Y]es or [N]o only, please.
Really attack while wielding your +1 shortbow?
You clumsily bash the hound.
The hound is moderately wounded.
The hound bites you but does no damage. The hound closely misses you.
You hit the hound!
The hound is severely wounded.
The hound bites you.
* * * LOW HITPOINT WARNING * * *
The hound bites you.
* * * LOW HITPOINT WARNING * * *
There are monsters nearby!
You closely miss the hound.
The hound is severely wounded.
The hound closely misses you.
You clumsily bash the hound.
You kill the hound!
You clumsily bash the scorpion.
The scorpion is moderately wounded.
The scorpion stings you.
* * * LOW HITPOINT WARNING * * *
You barely miss the scorpion.
The scorpion is moderately wounded.
The scorpion stings you.
* * * LOW HITPOINT WARNING * * *
You are lethally poisoned!
The scorpion poisons you!
You are too berserk!
You clumsily bash the scorpion.
The scorpion is heavily wounded.
You die...

#.# #.# #..####
##.# ...## #..#
..### #.## ##
#.##.#..## #.#
.#.#. #.# ... #.#
#.#.... #.#
#@#.... #.# #s#...
#.####K#.# .#
#....#l..###.# ..
##.........##.##(.
#...........#..).
#..............#
#.............##
##.........##!#


You could see a scorpion, an iguana and a kobold.

Vanquished Creatures
  Sigmund (D:2)
  A hound (D:4)
  Terence (D:2)
  6 adders
  3 worms
  2 dart slugs
  An orc (D:3)
  6 endoplasms
  6 giant cockroaches
  10 goblins
  7 hobgoblins
  9 jackals
  4 kobolds
  A quokka (D:1)
  A ball python (D:1)
  4 bats
  5 frilled lizards
  A rat (D:2)
69 creatures vanquished.

Notes
Turn   | Place    | Note
-------+----------+-------------------------------------------
     0 | D:1      | Newt the Kobold Hunter began the quest for the Orb.
     0 | D:1      | Reached XP level 1. HP: 12/12 MP: 1/1
    88 | D:1      | Reached XP level 2. HP: 10/17 MP: 2/2
   120 | D:1      | Found a faded altar of an unknown god.
   472 | D:1      | Reached XP level 3. HP: 22/22 MP: 3/3
   493 | D:1      | Found Pysoext's Armour Shop.
   896 | D:2      | Noticed Terence
   900 | D:2      | Killed Terence
   901 | D:2      | Reached XP level 4. HP: 29/29 MP: 4/4
  1147 | D:2      | Noticed Sigmund
  1151 | D:2      | Killed Sigmund
  1152 | D:2      | Reached skill level 7 in Ranged Weapons
  1152 | D:2      | Reached XP level 5. HP: 32/33 MP: 5/5
  1152 | D:2      | Reached XP level 6. HP: 37/38 MP: 6/6
  1154 | D:2      | Reached skill level 8 in Ranged Weapons
  2172 | D:3      | Found an ornate altar of the Wu Jian Council.
  2561 | D:4      | HP: 1/57 [scorpion (5)]
  2562 | D:4      | Succumbed to a scorpion's poison

Illustrated notes

Levels and vault maps discovered:
D:1:      amcnicky_arrival_double_pillar, layout_loops_ring, serial_shops,
          nicolae_diamond_shop, ebering_ecumenical_altar_webs,
          minmay_misc_feat_alley, nicolae_wormholes
D:2:      layout_loops_ring, nicolae_titane, uniq_terence, uniq_sigmund
D:3:      layout_loops_ring, nzn_wu_jian_council_hall, minmay_surrounded
D:4:      layout_rooms, serial_bayou_pond_b

Skill      XL: |  1  2  3  4  5  6 |
---------------+-------------------+-----
Stealth        | 2 3 |  3.0
Fighting       | 4 |  4.0
Ranged Weapons | 7 8 |  8.8
Dodging        | |  2.4

Action                   |  1- 3 |  4- 6 || total
-------------------------+-------+-------++-------
Melee: Shortbow          |       |     7 ||     7
 Fire: Shortbow          |    70 |   101 ||   171
  Use: Potion            |     1 |     1 ||     2
       Scroll            |     3 |     5 ||     8
Armor: Leather armour    |     6 |    14 ||    20
Dodge: Dodged            |    52 |    36 ||    88

Table legend: (Time is in decaauts)
 A = Elapsed time spent in this place.
 B = Non-inter-level travel time spent in this place.
 C = Inter-level travel time spent in this place.
 D = Time resting spent in this place.
 E = Time spent auto-exploring this place.
 F = Levels seen in this place.
 G = Mean time per level.
                   A        B        C        D        E       F      G
               +--------+--------+--------+--------+--------+-----+--------+
         Total |   2602 |   2513 |     89 |    200 |   1949 |   4 |  650.5 |
       Dungeon |   2602 |   2513 |     89 |    200 |   1949 |   4 |  650.5 |
               +--------+--------+--------+--------+--------+-----+--------+

Top non-repeatable levels by time:
     D:1: 851 daAuts
     D:2: 759 daAuts
     D:3: 693 daAuts
     D:4: 298 daAuts
